 Dungeon Crawl Stone Soup version 0.32-a0-33-g74fbe46 (webtiles) character file.

Game seed: 16549467332400805879

112 Dorkslayer the Ruffian (level 4, -5/28 HPs)
             Began as an Octopode Shapeshifter on Jan 20, 2024.
             Slain by Ijyb
             ... wielding a +5 dagger of electrocution
              (8 damage)
             ... on level 3 of the Dungeon.
             The game lasted 00:02:33 (1554 turns).

Dorkslayer the Ruffian (Octopode Shapeshifter)      Turns: 1554, Time: 00:02:34

Health: -5/28      AC:  1    Str: 15    XL:     4   Next: 95%
Magic:  4/4        EV: 13    Int: 12    God:
Gold:   56         SH:  0    Dex: 11    Spells: 3/3 levels left

rFire   . .          .
                       - Unarmed
rCold   . . .        (no shield)
rNeg    . . .        (helmet currently unavailable)
rPois   .            (no amulet)
rElec   .            (no ring)
rCorr   .            (no ring)
SInv    .            (no ring)
Will    .....        (no ring)
Stlth   +++          (no ring)
HPRegen 0.24/turn    (no ring)
MPRegen 0.09/turn    (no ring)
                     (no ring)

%: no passive effects
@: beast-form
A: beast (slay +1), almost no armour, amphibious, 8 rings, camouflage 1,
gelatinous body 1, (nimble swimmer 1), tentacles
a: Begin Untransformation


You were on level 3 of the Dungeon.
You were a hulking beast.
You visited 1 branch of the dungeon, and saw 3 of its levels.

You collected 56 gold pieces.

Inventory:

Talismans
 b - a beast talisman
 c - a flux talisman
Scrolls
 d - a scroll of teleportation
 e - a scroll of poison
 g - a scroll of immolation {unknown}
 h - a scroll of revelation {unknown}
 i - a scroll of fear
 j - a scroll of enchant weapon
Potions
 a - a potion of lignification


   Skills:
 + Level 1.1 Fighting
 + Level 2.3 Dodging
 + Level 1.3 Stealth
 * Level 4.7 Unarmed Combat
 + Level 3.4 Shapeshifting


You had 3 spell levels left.
You didn't know any spells.
Your spell library was empty.

Dungeon Overview and Level Annotations

Branches:
Dungeon (3/15)

Altars:

Annotations:
D:3 Ijyb


Innate Abilities, Weirdness & Mutations

You are a hulking beast.
Your limbs bulge with bestial killing power. (Slay +1)
You cannot wear most types of armour.
You are amphibious.
You can wear up to eight rings at the same time.
Your skin changes colour to match your surroundings (Stealth+).
Your rubbery body absorbs attacks. (AC +1, EV +1)
((You are camouflaged when in or above water. (Stealth+)))
You have tentacles for arms and can constrict up to eight enemies at once.


Message History

The jackal bites you.
You barely miss the jackal. Your grab misses the jackal.
Your squeeze misses the jackal. The jackal bites you.
You barely miss the jackal. You grab the jackal. You constrict the jackal.
The jackal closely misses you.
You bludgeon the jackal!
You kill the jackal!
You see here a jackal corpse.
Items here: )) ††.
Things that are here:
a +0 short sword; 2 poisoned darts; a kobold corpse HP restored.
You open the large door.
A goblin comes into view. It is wielding a +0 club.
A goblin and Ijyb come into view.
Ijyb is wielding a +5 dagger of electrocution, wearing a +2 ring mail of fire resistance and carrying a wand of roots.
The goblin shouts!
There is a large open door here.
The goblin hits you with a +0 club.
You completely miss the goblin.
The goblin shouts!
Ijyb shouts!
You grab the goblin. You constrict the goblin. The goblin closely misses you.
You tentacle-slap the goblin.
You kill the goblin!
You tentacle-slap the goblin but do no damage.
Your grab misses the goblin. The goblin closely misses you.
Ijyb hits you with a +5 dagger of electrocution!
You are electrocuted!
Ouch! That really hurt!
* * * LOW HITPOINT WARNING * * *
The goblin closely misses you.
Things that are here:
a +0 club; a goblin corpse
Okay, then.
You tentacle-slap Ijyb but do no damage.
Your grab misses Ijyb. Ijyb barely misses you.
The goblin completely misses you.
You closely miss Ijyb. You grab Ijyb. You constrict Ijyb, but do no damage.
Ijyb hits you with a +5 dagger of electrocution!
You die...

#################
#......#...#..≈≈##
#......'...').≈≈≈#
#......#...#..≈≈≈##
#''##..#########≈≈#
#...#))....... #≈≈#
#...#.†....... +...
#gh.#......... +...
#.g.#......... +...
#...#......... #≈≈.
#...#..####### #≈≈#
#...#..# ≈≈##
##+##..+ ≈≈≈ ####
.≈≈#


You could see Ijyb and a goblin.

Vanquished Creatures
  A bombardier beetle (D:2)
  3 gnolls (D:2)
  2 dart slugs
  4 endoplasms (D:1)
  2 giant cockroaches
  3 hobgoblins
  2 jackals (D:3)
  5 quokkas
  5 bats
  2 frilled lizards
  9 goblins
  3 kobolds
  4 rats
45 creatures vanquished.

Notes
Turn   | Place    | Note
-------+----------+-------------------------------------------
     0 | D:1      | Dorkslayer the Octopode Shapeshifter began the quest for
                  | the Orb.
     0 | D:1      | Reached XP level 1. HP: 13/13 MP: 1/1
   134 | D:1      | Reached XP level 2. HP: 14/18 MP: 2/2
   461 | D:1      | Reached XP level 3. HP: 23/23 MP: 3/3
   740 | D:2      | Reached skill level 4 in Unarmed Combat
   805 | D:2      | Reached XP level 4. HP: 28/28 MP: 4/4
  1052 | D:2      | Reached skill level 1 in Stealth
  1546 | D:3      | Noticed Ijyb
  1554 | D:3      | Slain by Ijyb

Illustrated notes

Levels and vault maps discovered:
D:1:      wander_arrival_fairy_ring, layout_loops_ring, minmay_misc_feat_tiny
D:2:      layout_loops_ring, minmay_crystal_water
D:3:      kennysheep_goblin_castle, layout_loops_corners,
          chequers_ecumenical_altar_simple, minmay_distorted, uniq_terence,
          uniq_grinder

Skill      XL: |  1  2  3  4 |
---------------+-------------+-----
Unarmed Combat | 4 |  4.7
Stealth        | 1 |  1.3
Fighting       | |  1.1
Dodging        | |  2.3
Shapeshifting  | |  3.4

Action                     |  1- 3 |  4- 6 || total
---------------------------+-------+-------++-------
  Melee: Unarmed           |    43 |    38 ||    81
         Tentacles         |    10 |     6 ||    16
         Constrict         |     7 |    11 ||    18
         Punch             |     1 |       ||     1
    Use: Scroll            |       |     4 ||     4
   Stab: Sleeping          |     5 |     4 ||     9
 Armour: Skin              |    21 |    19 ||    40
  Dodge: Dodged            |    13 |    28 ||    41

Table legend: (Time is in decaauts)
 A = Elapsed time spent in this place.
 B = Non-inter-level travel time spent in this place.
 C = Inter-level travel time spent in this place.
 D = Time resting spent in this place.
 E = Time spent auto-exploring this place.
 F = Levels seen in this place.
 G = Mean time per level.
                   A        B        C        D        E       F      G
               +--------+--------+--------+--------+--------+-----+--------+
         Total |   1547 |   1547 |      0 |      0 |   1043 |   3 |  515.7 |
       Dungeon |   1547 |   1547 |      0 |      0 |   1043 |   3 |  515.7 |
               +--------+--------+--------+--------+--------+-----+--------+

Top non-repeatable levels by time:
     D:1: 733 daAuts
     D:2: 693 daAuts
     D:3: 120 daAuts
